 Dungeon Crawl Stone Soup version 0.20.1-1-g8b1a95d (webtiles) character file.

158 Folque the Conjurer (level 5, -4/32 HPs)
             Began as a Tengu Conjurer on Nov 2, 2017.
             Killed from afar by an orc wizard (9 damage)
             ... with a magic dart
             ... on level 3 of the Dungeon.
             The game lasted 00:11:52 (2342 turns).

Folque the Conjurer (Tengu Conjurer)                Turns: 2342, Time: 00:11:53

Health: -4/32      AC:  2    Str:  9    XL:     5   Next: 40%
Magic:  2/10       EV: 12    Int: 16    God:
Gold:   150        SH:  0    Dex: 14    Spells: 4/10 levels left

rFire    . . .     SeeInvis .   h - +1 dagger (flame)
rCold    . . .     Gourm    +   (no shield)
rNeg     . . .     Faith    .   a - +0 robe
rPois    .         Spirit   .   (helmet restricted)
rElec    .         Reflect  .   (no cloak)
rCorr    .         Harm     .   (no gloves)
MR       .....                  (boots unavailable)
Stlth    ++........             l - amulet of the gourmand
Regen    0.1/turn               (no ring)
MPRegen  0.2/turn               (no ring)

@: very slightly contaminated
A: beak, talons 3, able to fly 1
a: Fly


You were on level 3 of the Dungeon.
You were very full.

You visited 1 branch of the dungeon, and saw 3 of its levels.

You collected 150 gold pieces.

Inventory:

Hand Weapons
 h - a +1 dagger of flaming (weapon)
 i - a +0 short sword
Missiles
 j - 4 javelins (quivered)
Armour
 a - a +0 robe (worn)
Jewellery
 e - an uncursed ring of ice {unknown}
 l - an amulet of the gourmand (around neck)
Scrolls
 f - a scroll of enchant weapon {unknown}
 n - 4 scrolls of identify
 o - a scroll of amnesia {unknown}
Books
 b - a book of Conjurations

   Spells                             Type                      Level
   a - Magic Dart                     Conjuration                  1
   b - Searing Ray                    Conjuration                  2
   c - Dazzling Spray                 Conjuration/Hexes            3
   d - Fulminant Prism                Conjuration/Hexes            4
   e - Force Lance                    Conjuration/Translocation    4
   f - Iskenderun's Mystic Blast      Conjuration                  4
Comestibles
 c - a bread ration
 g - a chunk of flesh
 k - 2 royal jellies
 p - 2 fruits


   Skills:
 - Level 3.0 Fighting
 - Level 2.1 Dodging
 - Level 2.0 Stealth
 + Level 3.1 Spellcasting
 * Level 6.4 Conjurations


You had 4 spell levels left.
You knew the following spells:

 Your Spells              Type           Power        Failure   Level  Hunger
a - Magic Dart            Conj           ###.         1%          1    None
b - Searing Ray           Conj           ###...       1%          2    ##.....
c - Dazzling Spray        Conj/Hex       ##....       14%         3    ###....


Dungeon Overview and Level Annotations

Branches:
Dungeon (3/15)

Altars:


Innate Abilities, Weirdness & Mutations

You have a beak for a mouth.
You have claws for feet.
You can fly.


Message History

The orc wizard casts a spell.
The orc wizard seems to speed up.
The orc wizard points at you and mumbles some strange words.
You resist with some effort.
Throwing (i - inventory):
j - 6 javelins (quivered)
Press: ? - help, Shift-Dir - straight line, f/p - orc wizard
Aim: an orc wizard, wielding a dagger and wearing a robe (blue smoke, moderately wounded, fast)
You throw a javelin. The javelin hits the orc wizard.
The orc wizard is heavily wounded.
The orc wizard points at you and mumbles some strange words.
The magic dart hits you!
* * * LOW HITPOINT WARNING * * *
Throwing (i - inventory):
j - 5 javelins (quivered)
Press: ? - help, Shift-Dir - straight line, f/p - orc wizard
Aim: an orc wizard, wielding a dagger and wearing a robe (heavily wounded, fast)
You throw a javelin. The javelin hits the orc wizard.
The orc wizard is heavily wounded.
The orc wizard casts a spell at you. The magic dart hits you!
You die...

########.## #.#
#.# #.#####
#...... #.
####### #. #.###
###########
####### ###...#
#§§(o.@...#
#.....# .....#
#§#######.#
#.###.#
###...#####§# #.#
#.# #.#
.........##§#####
#.# #.###.#
.....)o...§§§...#
#.# #.#....
........)##.###.#
#.# #.#.#.#
......#####.# #.#
#.# #.....#
#.....#
#.###.###.#
###.### ##....#
#.........# ##.##


You could see an orc wizard.

Vanquished Creatures
  An orc priest (D:3)
  An orc wizard (D:3)
  4 adders
  3 worms
  2 leopard geckos
  9 orcs (D:3)
  4 bats
  3 giant cockroaches
  7 goblins
  5 hobgoblins
  5 kobolds
  A quokka (D:3)
  A ball python (D:3)
  6 frilled lizards
  5 rats
57 creatures vanquished.

Notes
Turn   | Place    | Note
-------+----------+-------------------------------------------
     0 | D:1      | Folque the Tengu Conjurer began the quest for the Orb.
     0 | D:1      | Reached XP level 1. HP: 10/10 MP: 4/4
    93 | D:1      | Reached skill level 1 in Fighting
   109 | D:1      | Reached XP level 2. HP: 4/16 MP: 3/6
   914 | D:2      | Reached XP level 3. HP: 21/21 MP: 3/7
  1114 | D:1      | Learned a level 2 spell: Searing Ray
  1118 | D:1      | Learned a level 3 spell: Dazzling Spray
  1503 | D:2      | Reached XP level 4. HP: 24/27 MP: 9/9
  1843 | D:3      | Gained mutation: You can fly. [Tengu growth]
  1843 | D:3      | Reached XP level 5. HP: 32/32 MP: 8/10
  1960 | D:3      | Reached skill level 6 in Conjurations
  2342 | D:3      | Killed from afar by an orc wizard

Skill      XL: |  1  2  3  4  5 |
---------------+----------------+-----
Fighting       | 1 2 3 |  3.0
Spellcasting   | 3 |  3.1
Conjurations   | 6 |  6.4
Dodging        | |  2.1
Stealth        | |  2.0

Action                   |  1- 3 |  4- 6 || total
-------------------------+-------+-------++-------
Melee: Dagger            |    59 |    33 ||    92
       Peck              |     5 |     5 ||    10
       Kick              |     6 |     7 ||    13
Throw: Javelin           |       |     3 ||     3
 Cast: Magic Dart        |    41 |     8 ||    49
       Searing Ray       |     4 |     9 ||    13
       Dazzling Spray    |     1 |     3 ||     4
  Use: Scroll            |     5 |     2 ||     7
 Stab: Sleeping          |     4 |     2 ||     6
       Invisible         |       |     1 ||     1
  Eat: Chunk             |    13 |     5 ||    18
Armor: Robe              |     6 |     5 ||    11
Dodge: Dodged            |    42 |    12 ||    54
